 Dungeon Crawl Stone Soup version 0.25.1-2-g60ff931df9 (webtiles) character file.

Game seed: 16173529915048797947

191 H0rd4k the Magician (level 5, 0/28 HPs)
             Began as a Deep Elf Wizard on Oct 30, 2020.
             Shot with an arrow by a centaur (6 damage)
             ... on level 4 of the Dungeon.
             The game lasted 00:07:05 (4460 turns).

H0rd4k the Magician (Deep Elf Wizard)               Turns: 4460, Time: 00:07:05

Health: 0/28       AC:  2    Str:  4    XL:     5   Next: 41%
Magic:  0/16       EV: 13    Int: 24    God:
Gold:   125        SH:  0    Dex: 13    Spells: 8/17 levels left

rFire    + . .     SeeInvis .   (no weapon)
rCold    + . .     Gourm    .   (no shield)
rNeg     . . .     Faith    .   a - +0 robe
rPois    +         Spirit   .   b - +0 hat
rElec    +         Reflect  .   (no cloak)
rCorr    +         Harm     .   (no gloves)
MR       .....                  (no boots)
Stlth    ++........             (no amulet)
HPRegen  0.09/turn              (no ring)
MPRegen  0.15/turn              (no ring)

@: lethally poisoned (0 -> -7), resistant, very slightly contaminated
A: no striking features
a: no special abilities


You were on level 4 of the Dungeon.
You were not hungry.

You visited 1 branch of the dungeon, and saw 4 of its levels.

You collected 125 gold pieces.

Inventory:

Armour
 a - a +0 robe (worn)
 b - a +0 hat (worn)
Scrolls
 e - a scroll of remove curse {unknown}
 f - a scroll of teleportation {unknown}
 g - a scroll of amnesia {unknown}
 i - 2 scrolls of enchant weapon {unknown}
 j - a scroll of immolation {unknown}
 k - 2 scrolls of identify {unknown}
Potions
 h - a potion of degeneration {unknown}
 l - a potion of resistance
 m - a potion of magic {unknown}
Comestibles
 c - a chunk of flesh
 d - 4 rations


   Skills:
 + Level 2.6 Dodging
 + Level 2.7 Stealth
 + Level 6.7 Spellcasting
 + Level 2.3 Conjurations
   Level 1.1 Summonings
 + Level 1.1 Translocations
 + Level 1.3 Fire Magic
 + Level 1.1 Air Magic
 + Level 1.6 Poison Magic


You had 8 spell levels left.
You knew the following spells:

 Your Spells              Type           Power        Failure   Level  Hunger
a - Magic Dart            Conj           ###.         2%          1    None
b - Blink                 Tloc           N/A          7%          2    None
c - Conjure Flame         Conj/Fire      ###.....     11%         3    None
d - Mephitic Cloud        Conj/Pois/Air  ###.....     11%         3    None

Your spell library contained the following spells:

 Spells                   Type           Power        Failure   Level  Hunger
 Apportation              Tloc           ##....       4%          1    None
 Summon Small Mammal      Summ           ##..         4%          1    None
 Call Imp                 Summ           ##......     7%          2    None
 Animate Skeleton         Necr           N/A          8%          1    None
 Corona                   Hex            #......      8%          1    None
 Slow                     Hex            #.......     11%         2    None


Dungeon Overview and Level Annotations

Branches:
Dungeon (4/15)
 Temple: D:4-7

Altars:
Qazlal
Uskayaw
Wu Jian
The Shining One

Annotations:
D:2 exclusion: downstairs


Message History

The worker ant poisons you!
Casting: Magic Dart (safe; 2% risk of failure)
Confirm with . or Enter, or press ? or * to list all spells.
Aiming: Magic Dart (safe; 2% risk of failure)
Press: ? - help, Shift-Dir - straight line, f/p - centaur
Aim: a centaur, wielding a -1 shortbow and quivering 26 arrows (almost dead, confused)
You miscast Magic Dart.
You are very lightly contaminated with residual magic.
Nothing appears to happen.
You feel sick. The worker ant bites you.
* * * LOW HITPOINT WARNING * * *
It was a potion of resistance.
You feel protected.
* * * LOW HITPOINT WARNING * * *
You feel sick.
The centaur seems less confused.
The worker ant barely misses you.
You aren't carrying any items that you can evoke.
* * * LOW HITPOINT WARNING * * *
You feel sick.
The centaur shoots an arrow.
The arrow hits you.
You die...

#..# ##........
#..##.........
#............
#...........
#..........#
#..c.....#
#.a.....#
#######
#....####
.......###.@###
.......<##.(#
.........#..#
............#
.............#
...........#..#
...........##.#
...........#
#..
...........#
...


You could see a centaur and a worker ant.

Vanquished Creatures
  An iguana (D:2)
  3 gnolls (D:3)
  5 adders
  An ooze (D:2)
  6 worms
  2 dart slugs (D:1)
  6 leopard geckos
  An orc (D:3)
  5 bats
  2 giant cockroaches (D:2)
  6 goblins
  7 hobgoblins
  3 frilled lizards
  10 kobolds
  11 rats
69 creatures vanquished.

Notes
Turn   | Place    | Note
-------+----------+-------------------------------------------
     0 | D:1      | H0rd4k the Deep Elf Wizard began the quest for the Orb.
     0 | D:1      | Reached XP level 1. HP: 10/10 MP: 7/7
   287 | D:1      | Reached skill level 5 in Spellcasting
   351 | D:1      | Reached XP level 2. HP: 15/15 MP: 7/10
  1428 | D:2      | Reached XP level 3. HP: 19/19 MP: 2/12
  1707 | D:2      | Learned a level 2 spell: Blink
  1711 | D:2      | Learned a level 3 spell: Conjure Flame
  1715 | D:2      | Learned a level 3 spell: Mephitic Cloud
  1810 | D:2      | Found a hide-covered altar of Uskayaw.
  2082 | D:2      | Reached skill level 6 in Spellcasting
  2175 | D:2      | Found a glowing golden altar of the Shining One.
  2602 | D:2      | Reached skill level 1 in Poison Magic
  2602 | D:2      | Reached XP level 4. HP: 9/24 MP: 2/14
  3254 | D:3      | Reached skill level 1 in Fire Magic
  3601 | D:3      | Reached XP level 5. HP: 28/28 MP: 3/15
  3693 | D:3      | Found an ornate altar of the Wu Jian Council.
  3695 | D:3      | Found a stormy altar of Qazlal.
  3833 | D:3      | Reached skill level 1 in Air Magic
  4437 | D:4      | Noticed a centaur
  4460 | D:4      | Shot with an arrow by a centaur

Illustrated notes

Levels and vault maps discovered:
D:1:      shiori_arrival_maze, layout_loops_corners
D:2:      layout_basic, lemuel_doored_altar, old_standard_altar
D:3:      layout_basic, overflow_temple_1_default, overflow_temple_1_default
D:4:      layout_cave_pods, nicolae_overflow_crystal_walls

Skill      XL: |  1  2  3  4  5 |
---------------+----------------+-----
Spellcasting   | 5 6 |  6.7
Poison Magic   | 1 |  1.6
Fire Magic     | 1 |  1.3
Conjurations   | 2 |  2.3
Air Magic      | 1 |  1.1
Dodging        | |  2.6
Stealth        | |  2.7
Summonings     | |  1.1
Translocations | |  1.1

Action                   |  1- 3 |  4- 6 || total
-------------------------+-------+-------++-------
Melee: Unarmed           |       |    10 ||    10
 Cast: Magic Dart        |   138 |   111 ||   249
       Conjure Flame     |       |     1 ||     1
       Mephitic Cloud    |       |     1 ||     1
       Blink             |       |     1 ||     1
  Use: Potion            |       |     5 ||     5
  Eat: Chunk             |     4 |     6 ||    10
Armor: Robe              |     3 |     3 ||     6
       Skin              |       |    24 ||    24
Dodge: Dodged            |    19 |    30 ||    49
